[Event "Titled Tuesday Blitz October 31 Late 2023"]
[White "Przybylski, Wojciech"]
[Black "Howell, David W L"]
[WhiteFideId "1117599"]
[BlackFideId "410608"]
[WhiteElo "2575"]
[BlackElo "2975"]
[Result "0-1"]
[Round "10"]
[TimeControl "180+1"]
[Date "2023.10.31"]
[WhiteClock "0:00:00"]
[BlackClock "0:00:27"]
[Board "38"]

1. e4 c5 2. Nf3 Nc6 3. d4 cxd4 4. Nxd4 Nf6 5. Nc3 e6 6. Ndb5 Bb4 7. a3 Bxc3+ 8. Nxc3 d5 9. exd5 exd5 10. Bd3 O-O 11. O-O d4 12. Ne2 Bg4 13. h3 Bh5 14. Re1 Re8 15. Bf4 Nd5 16. Bg3 Qb6 17. Rb1 Rad8 18. Qd2 Bg6 19. Bc4 Qc5 20. Bb3 h6 21. Rbc1 Nf6 22. f3 d3+ 23. Bf2 dxe2 24. Qxd8 Qxf2+ 25. Kxf2 Rxd8 26. Rxe2 Kf8 27. c3 Bf5 28. g4 Bc8 29. Rce1 g5 30. Kg3 h5 31. f4 gxf4+ 32. Kxf4 hxg4 33. hxg4 Nxg4 34. Rg2 f5 35. Be6 Bxe6 36. Rxe6 Ne7 37. Rge2 Rd7 38. Kg5 Kf7 39. c4 Nc6 40. Rg6 Nce5 41. Kxf5 Nxg6 42. Kxg4 Kf6 43. b3 Rd4+ 44. Kf3 Rd3+ 45. Ke4 Rxb3 46. Rf2+ Ke6 47. Kd4 Ne7 48. Re2+ Kd6 49. c5+ Kd7 50. a4 Rb4+ 51. Kc3 Rxa4 52. Rb2 Kc7 53. Re2 Nc6 54. Rh2 a5 55. Rh7+ Kb8 56. Rh8+ Ka7 57. Rh7 Rg4 58. Rf7 Ka6 59. Kb3 Rb4+ 60. Kc3 a4 61. Rf6 Rh4 62. Rf1 Kb5 63. Rf5 Rc4+ 64. Kb2 Rxc5 65. Rf8 b6 66. Ra8 Re5 67. Ka3 Re3+ 68. Ka2 Kb4 69. Ra6 Kb5 70. Ra8 Nb4+ 71. Kb2 Rb3+ 72. Ka1 a3 73. Ra5+ Kc4 74. Rc5+ Kd3 75. Rd5+ Nxd5 76. Ka2 Rc3 77. Kb1 b5 78. Ka1 b4 79. Ka2 Kc4 80. Kb1 b3 81. Ka1 Kc5 82. Kb1 Kb6 83. Ka1 Ka6 0-1


[Site "https://www.chess.com"]

[Event "Titled Tuesday Blitz October 31 Late 2023"]
[White "Djokic, Mihailo"]
[Black "Blomqvist, Erik"]
[WhiteFideId "976440"]
[BlackFideId "1709437"]
[WhiteElo "2715"]
[BlackElo "2565"]
[Result "1-0"]
[Round "10"]
[TimeControl "180+1"]
[Date "2023.10.31"]
[WhiteClock "0:00:07"]
[BlackClock "0:00:00"]
[Board "39"]

1. e4 c5 2. Nf3 e6 3. d4 cxd4 4. Nxd4 Nc6 5. Nc3 a6 6. Be2 d6 7. O-O Nf6 8. Be3 Be7 9. f4 Bd7 10. Kh1 O-O 11. Qe1 Nxd4 12. Bxd4 b5 13. a3 Qb8 14. Rd1 a5 15. e5 dxe5 16. Bxe5 Qb7 17. Bf3 Bc6 18. Bxc6 Qxc6 19. f5 b4 20. axb4 axb4 21. Ne2 Qxc2 22. Nd4 Qc4 23. b3 Qa6 24. fxe6 fxe6 25. Rf3 Rf7 26. h3 Raf8 27. Ra1 Qc8 28. Rc1 Qd7 29. Rc6 Nd5 30. Rxf7 Rxf7 31. Rxe6 Bc5 32. Ra6 Bxd4 33. Ra8+ Rf8 34. Rxf8+ Kxf8 35. Bxd4 Qf5 36. Qc1 h6 37. Qc4 Kg8 38. Bg1 Kh7 39. Qc5 Qe4 40. Qc4 Qf5 41. Qd4 Kg6 42. Bf2 h5 43. Kg1 Qe6 44. Qd3+ Kf7 45. Qf3+ Kg6 46. Qd3+ Qf5 47. Qd1 Qe4 48. Kh2 Nf4 49. Qf1 Nd5 50. Bg3 1-0


[Site "https://www.chess.com"]

[Event "Titled Tuesday Blitz October 31 Late 2023"]
[White "BardArtem"]
[Black "Hoang, Thi Bao Tram"]
[BlackFideId "12401102"]
[WhiteElo "2704"]
[BlackElo "2561"]
[Result "1/2-1/2"]
[Round "10"]
[TimeControl "180+1"]
[Date "2023.10.31"]
[WhiteClock "0:00:02"]
[BlackClock "0:00:16"]
[Board "40"]

1. e4 c6 2. d4 d5 3. exd5 cxd5 4. Bd3 Nf6 5. h3 Nc6 6. c3 g6 7. Bf4 Bg7 8. Nf3 O-O 9. O-O Be6 10. Nbd2 Na5 11. Re1 Rc8 12. Rxe6 fxe6 13. Qe2 Qb6 14. Ng5 Rc6 15. Bb5 Ne4 16. Ndxe4 dxe4 17. Bxc6 Rxf4 18. Nxe6 Rf6 19. Bd5 Kh8 20. Nxg7 Kxg7 21. Qxe4 e6 22. Bb3 Nxb3 23. axb3 a5 24. Qc2 Qb5 25. Re1 b6 26. Re5 Qc6 27. Qe2 Kf7 28. d5 exd5 29. Re7+ Kg8 30. Qe5 Rf7 31. Re8+ Rf8 32. Rxf8+ Kxf8 33. Qh8+ Kf7 34. Qxh7+ Kf6 35. Qh8+ Kf7 36. h4 Qb5 37. h5 gxh5 38. Qxh5+ Ke6 39. c4 Qxb3 40. Qxd5+ Kf6 41. Qf3+ Qxf3 42. gxf3 Ke5 43. Kg2 a4 44. Kg3 Kd4 45. f4 Kxc4 46. f5 Kd5 47. Kf4 b5 48. Kg5 b4 49. f6 Ke6 50. Kg6 a3 51. bxa3 b3 52. f7 b2 53. f8=Q b1=Q+ 54. Kg7 Qg1+ 55. Kh7 Qb1+ 56. Kh8 Qh1+ 57. Kg7 Qg1+ 58. Kh7 Qb1+ 59. Kg8 Qg1+ 60. Qg7 Qxf2 61. Qg6+ Kd5 62. Qg5+ Kc6 63. Kg7 Qb2+ 64. Kh6 Qxa3 65. Qg6+ Kb5 66. Qg5+ Kc6 67. Qg6+ Kd7 68. Qg7+ Kc6 69. Qg6+ 1/2-1/2


[Site "https://www.chess.com"]

[Event "Titled Tuesday Blitz October 31 Late 2023"]
[White "Annaberdiyev, Meylis"]
[Black "Deeper44"]
[WhiteFideId "14000563"]
[WhiteElo "2692"]
[BlackElo "2543"]
[Result "1-0"]
[Round "10"]
[TimeControl "180+1"]
[Date "2023.10.31"]
[WhiteClock "0:00:13"]
[BlackClock "0:00:04"]
[Board "41"]

1. e4 e6 2. d3 d5 3. Nd2 Nf6 4. Ngf3 Nc6 5. c3 dxe4 6. dxe4 Bc5 7. Bb5 O-O 8. O-O Bd7 9. b4 Bb6 10. Bd3 Ng4 11. Nc4 Qf6 12. Bg5 Qxc3 13. Rc1 Qxb4 14. h3 Nxf2 15. Rxf2 Bxf2+ 16. Kxf2 f6 17. Be3 Qe7 18. Kg1 Rfd8 19. Qe2 e5 20. Nh4 Be6 21. Nf5 Qd7 22. Bb1 g6 23. Nh6+ Kg7 24. Ng4 Nd4 25. Bh6+ Kh8 26. Qf2 Bxg4 27. Qxf6+ Kg8 28. Nxe5 Ne2+ 29. Kh2 Nxc1 30. Nxd7 Rxd7 31. e5 Rf7 32. Qh4 Bf5 33. Bxc1 Bxb1 34. e6 Rg7 35. Bb2 Re8 36. Qf6 Ree7 37. Qd4 Bf5 38. Qd8+ 1-0


[Site "https://www.chess.com"]

[Event "Titled Tuesday Blitz October 31 Late 2023"]
[White "Gubajdullin, Alexei"]
[Black "Aldokhin, Ivan"]
[WhiteFideId "4141202"]
[BlackFideId "24115720"]
[WhiteElo "2690"]
[BlackElo "2552"]
[Result "0-1"]
[Round "10"]
[TimeControl "180+1"]
[Date "2023.10.31"]
[WhiteClock "0:00:00"]
[BlackClock "0:00:06"]
[Board "42"]

1. d4 Nf6 2. Nf3 g6 3. Bf4 Bg7 4. e3 O-O 5. Be2 b6 6. O-O Bb7 7. h3 c5 8. a4 a6 9. Bh2 Ne4 10. Nbd2 Nxd2 11. Qxd2 d6 12. c3 Nd7 13. Ne1 Nf6 14. Bf3 Qd7 15. Bxb7 Qxb7 16. Nd3 c4 17. Qe2 cxd3 18. Qxd3 b5 19. axb5 axb5 20. f3 d5 21. Kh1 b4 22. Be5 Nd7 23. Bxg7 Kxg7 24. e4 bxc3 25. bxc3 e6 26. c4 Rxa1 27. Rxa1 Ra8 28. Rc1 Nb6 29. exd5 exd5 30. c5 Nc4 31. Rb1 Qe7 32. Qb3 Qf6 33. Qb7 Ra2 34. Qxd5 Rxg2 35. f4 Ne3 36. Qf3 Qh4 37. Qxe3 Rg3 38. Qe5+ Kh6 39. Qg5+ Rxg5 40. fxg5+ Kxg5 41. Rg1+ Kf5 42. Kg2 Qe4+ 43. Kg3 Qxd4 44. Rf1+ Ke6 45. Re1+ Kd5 46. Rf1 f5 47. Rf4 Qxc5 48. Kh4 Ke5 49. Rf1 Kf6 50. Kg3 Qe3+ 51. Rf3 Qe5+ 52. Kg2 g5 53. Rb3 Qd5+ 54. Rf3 h5 55. Kf2 g4 56. hxg4 hxg4 57. Re3 Kg5 0-1


[Site "https://www.chess.com"]

[Event "Titled Tuesday Blitz October 31 Late 2023"]
[White "Burke, Carol Ann"]
[Black "Avazkhonov, Alikhon"]
[WhiteFideId "11104643"]
[BlackFideId "14208504"]
[WhiteElo "2687"]
[BlackElo "2531"]
[Result "1-0"]
[Round "10"]
[TimeControl "180+1"]
[Date "2023.10.31"]
[WhiteClock "0:00:15"]
[BlackClock "0:00:00"]
[Board "43"]

1. d4 d5 2. c4 e6 3. Nc3 c6 4. e3 Bd6 5. Nf3 f5 6. Bd3 Nf6 7. b3 O-O 8. Bb2 b6 9. Ne2 Ne4 10. Ne5 Bb4+ 11. Kf1 Qh4 12. g3 Qh3+ 13. Kg1 Bd6 14. Nf4 Qh6 15. h4 Bb7 16. Be2 Rd8 17. Qf1 Bxe5 18. dxe5 dxc4 19. Bxc4 Re8 20. Rd1 c5 21. Qd3 Nc6 22. Nxe6 Nb4 23. Ng5+ Kf8 24. Qd7 Re7 25. Qxf5+ Ke8 26. Nxe4 1-0


[Site "https://www.chess.com"]

[Event "Titled Tuesday Blitz October 31 Late 2023"]
[White "Ezat, Mohamed"]
[Black "Leiva, Gianmarco"]
[WhiteFideId "10600906"]
[BlackFideId "3804399"]
[WhiteElo "2587"]
[BlackElo "2682"]
[Result "0-1"]
[Round "10"]
[TimeControl "180+1"]
[Date "2023.10.31"]
[WhiteClock "0:01:16"]
[BlackClock "0:00:06"]
[Board "44"]

1. e4 c5 2. d4 cxd4 3. c3 dxc3 4. Nxc3 Nc6 5. Nf3 e6 6. Bc4 a6 7. O-O Nge7 8. Qe2 Ng6 9. Rd1 Be7 10. g3 O-O 11. h4 Qc7 12. Bb3 Bf6 13. h5 Nge5 14. Bf4 d6 15. Rac1 Qe7 16. Be3 b5 17. Nh2 Bb7 18. f4 Nc4 19. Bxc4 bxc4 20. Ng4 Rac8 21. h6 Nb4 22. hxg7 Bxg7 23. Nf2 d5 24. Bd4 Bxd4 25. Rxd4 Qf6 26. e5 Qg7 27. Kh2 f6 28. Ng4 Nd3 29. exf6 Rxf6 30. Nxf6+ Qxf6 31. Rxd3 cxd3 32. Qxd3 d4 33. Ne4 Qh6+ 34. Kg2 Rxc1 35. Qxd4 Bxe4+ 36. Qxe4 Qh1+ 37. Kf2 Qxe4 0-1


[Site "https://www.chess.com"]

[Event "Titled Tuesday Blitz October 31 Late 2023"]
[White "Piesik, Piotr"]
[Black "Buchenau, Frank"]
[WhiteFideId "1136194"]
[BlackFideId "4604350"]
[WhiteElo "2668"]
[BlackElo "2503"]
[Result "1-0"]
[Round "10"]
[TimeControl "180+1"]
[Date "2023.10.31"]
[WhiteClock "0:02:28"]
[BlackClock "0:00:59"]
[Board "45"]

1. Nf3 Nf6 2. g3 b6 3. Bg2 Bb7 4. O-O e6 5. c4 Be7 6. Nc3 O-O 7. d3 c5 8. e4 d6 9. Ne1 Nc6 10. f4 a6 11. Be3 Nd4 12. e5 Bxg2 13. exf6 Bxf1 14. fxe7 Qxe7 15. Kxf1 Nf5 16. Bf2 b5 17. b3 bxc4 18. dxc4 Rfd8 19. Qf3 Nd4 20. Bxd4 cxd4 21. Ne2 e5 22. Qe4 g6 23. Nxd4 Qe6 24. Nxe6 1-0


[Site "https://www.chess.com"]

[Event "Titled Tuesday Blitz October 31 Late 2023"]
[White "Janaszak, Dawid"]
[Black "Molenda, Marcin"]
[WhiteFideId "1119206"]
[BlackFideId "1173065"]
[WhiteElo "2666"]
[BlackElo "2495"]
[Result "0-1"]
[Round "10"]
[TimeControl "180+1"]
[Date "2023.10.31"]
[WhiteClock "0:00:01"]
[BlackClock "0:00:14"]
[Board "46"]

1. e4 c5 2. Nc3 e6 3. f4 d5 4. Nf3 d4 5. Bb5+ Nd7 6. Ne2 a6 7. Bxd7+ Qxd7 8. d3 b6 9. O-O Bb7 10. Qe1 Nf6 11. Qg3 Qc7 12. b3 O-O-O 13. a4 Nh5 14. Qh4 g6 15. Bd2 Be7 16. Qh3 f5 17. Ne5 Bf6 18. exf5 exf5 19. Rae1 Rhe8 20. Nc4 Re7 21. Ng3 Nxg3 22. Qxg3 Rde8 23. Rxe7 Rxe7 24. Re1 b5 25. Ba5 Qc6 26. Rxe7 Bxe7 27. Ne5 Qd5 28. axb5 axb5 29. Nf3 Qe6 30. Qe1 Qxe1+ 31. Nxe1 Kd7 32. Bd2 Bd5 33. Kf2 c4 34. bxc4 bxc4 35. dxc4 Bxc4 36. Nd3 Ke6 37. Ba5 Bd6 38. g3 Kd5 39. Bb6 Bb5 40. Ke2 Ke4 41. Kd2 Bxd3 42. cxd3+ Kf3 43. Bxd4 Kg2 44. Ke2 Kxh2 45. Kf3 Kh3 46. Bb6 h6 47. d4 g5 48. Bc5 g4+ 49. Kf2 Bc7 50. d5 h5 51. d6 Bd8 52. Ba7 Kh2 53. Bb8 h4 54. Bc7 hxg3+ 55. Ke2 g2 56. Bxd8 g1=Q 57. Bc7 Qd4 0-1


[Site "https://www.chess.com"]

[Event "Titled Tuesday Blitz October 31 Late 2023"]
[White "Mmukka"]
[Black "Mendez Fortes, Eduardo Jesus"]
[BlackFideId "3502376"]
[WhiteElo "2485"]
[BlackElo "2664"]
[Result "0-1"]
[Round "10"]
[TimeControl "180+1"]
[Date "2023.10.31"]
[WhiteClock "0:00:27"]
[BlackClock "0:01:37"]
[Board "47"]

1. e4 c5 2. Nf3 d6 3. d4 cxd4 4. Nxd4 Nf6 5. Nc3 a6 6. h3 e5 7. Nde2 h5 8. g3 Be7 9. Bg2 Be6 10. O-O b5 11. Be3 Nc6 12. a4 b4 13. Nd5 Bxd5 14. exd5 Nb8 15. a5 Nbd7 16. c3 bxc3 17. Nxc3 O-O 18. Qe2 Qb8 19. Na4 Qb4 20. Bd2 Qb5 21. Qxb5 axb5 22. Nc3 b4 23. Ne2 Rfb8 24. Rfc1 Nc5 25. Ra2 Nb3 26. Rd1 Rxa5 27. Rxa5 Nxa5 28. Rc1 Nb3 29. Rd1 Bd8 30. Be3 Bb6 31. Bxb6 Rxb6 32. f4 e4 33. Kf2 Nc5 34. Rd4 Ra6 35. Rxb4 Nd3+ 36. Ke3 Nxb4 0-1


[Site "https://www.chess.com"]

[Event "Titled Tuesday Blitz October 31 Late 2023"]
[White "Mazurkiewicz, Michal"]
[Black "Schwabeneder, Florian"]
[WhiteFideId "1124943"]
[BlackFideId "1626191"]
[WhiteElo "2468"]
[BlackElo "2639"]
[Result "1-0"]
[Round "10"]
[TimeControl "180+1"]
[Date "2023.10.31"]
[WhiteClock "0:00:03"]
[BlackClock "0:00:00"]
[Board "48"]

1. e4 g6 2. d4 Bg7 3. Nc3 a6 4. a4 d6 5. f4 Nf6 6. Nf3 O-O 7. e5 Nh5 8. Be2 dxe5 9. dxe5 Qxd1+ 10. Bxd1 Bh6 11. Nd5 c6 12. Nc7 Ra7 13. Be3 c5 14. Bxc5 b6 15. Bxb6 Rb7 16. a5 Nd7 17. Nd5 Nxb6 18. Nxb6 Nxf4 19. O-O Be6 20. Nd4 Rd8 21. c3 Nd5 22. Nxe6 fxe6 23. Bg4 Nxb6 24. axb6 Rxb6 25. b4 Bd2 26. Rfd1 Kg7 27. Kf1 Rd5 28. Bf3 Bxc3 29. Bxd5 Bxa1 30. Rxa1 exd5 31. Ke2 e6 32. Kd3 g5 33. Kc3 Kg6 34. Rf1 g4 35. g3 h5 36. Rf4 Kg5 37. Rf6 Rc6+ 38. Kb3 1-0


[Site "https://www.chess.com"]

[Event "Titled Tuesday Blitz October 31 Late 2023"]
[White "reevecanada"]
[Black "victormago"]
[WhiteElo "2632"]
[BlackElo "2455"]
[Result "1-0"]
[Round "10"]
[TimeControl "180+1"]
[Date "2023.10.31"]
[WhiteClock "0:00:14"]
[BlackClock "0:00:00"]
[Board "49"]

1. Nf3 Nf6 2. g3 b6 3. Bg2 Bb7 4. O-O c5 5. c3 e6 6. d4 Be7 7. Nbd2 O-O 8. Qc2 d6 9. e4 Nbd7 10. e5 Nd5 11. Ne4 dxe5 12. dxe5 h6 13. a3 Qc7 14. c4 Nxe5 15. cxd5 Nxf3+ 16. Bxf3 exd5 17. Bf4 Qd7 18. Rad1 Qf5 19. Rfe1 dxe4 20. Bxe4 Bxe4 21. Rxe4 Bf6 22. Rde1 Rad8 23. Kg2 Qd5 24. Kg1 Qd3 25. Qc1 Qb3 26. R4e2 Rd3 27. h4 h5 28. Qb1 g6 29. Qc1 Rfd8 30. Kh2 Rd1 31. Rxd1 Rxd1 32. Qc2 Qd5 33. Re4 Kh7 34. Qe2 Rb1 35. Qf3 Bg7 36. Kg2 Rxb2 37. Re7 Qxf3+ 38. Kxf3 Rb3+ 39. Ke4 Kg8 40. Re8+ Kh7 41. Re7 Rxa3 42. Rxf7 Kg8 43. Rb7 Bd4 44. f3 Ra4 45. Kd5 Kf8 46. g4 hxg4 47. fxg4 Bf2 48. Bh6+ Kg8 49. Rg7+ Kh8 50. h5 1-0


[Site "https://www.chess.com"]

[Event "Titled Tuesday Blitz October 31 Late 2023"]
[White "Fiorito, Francisco"]
[Black "Mindhunter08"]
[WhiteFideId "180165"]
[WhiteElo "2609"]
[BlackElo "2451"]
[Result "1-0"]
[Round "10"]
[TimeControl "180+1"]
[Date "2023.10.31"]
[WhiteClock "0:01:46"]
[BlackClock "0:00:00"]
[Board "50"]

1. d4 d5 2. Bf4 Nf6 3. e3 c5 4. Nf3 Nc6 5. Nbd2 cxd4 6. exd4 Qb6 7. Nb3 Bg4 8. c3 e6 9. Bd3 Be7 10. h3 Bh5 11. O-O O-O 12. Re1 Rac8 13. Rb1 Rfd8 14. Nbd2 Bg6 15. Bxg6 hxg6 16. Ne5 Nxe5 17. Bxe5 Nd7 18. Bf4 Qa6 19. a3 Nb6 20. Nf3 Nc4 21. Bg5 Qd6 22. h4 a5 23. Bxe7 Qxe7 24. Ng5 b5 25. Qg4 Qf6 26. Red1 Qf5 27. Qg3 a4 28. Rd3 f6 29. Nh3 Nd2 30. Re1 Ne4 31. Qh2 Re8 32. Rf3 Qg4 33. Nf4 Nd2 34. Rfe3 Nc4 35. R3e2 Kf7 36. f3 Qf5 37. g4 1-0


[Site "https://www.chess.com"]

[Event "Titled Tuesday Blitz October 31 Late 2023"]
[White "Kornyukov, Alexey"]
[Black "Tikhonov, Viacheslav"]
[WhiteFideId "4150457"]
[BlackFideId "44196407"]
[WhiteElo "2346"]
[BlackElo "2518"]
[Result "0-1"]
[Round "10"]
[TimeControl "180+1"]
[Date "2023.10.31"]
[WhiteClock "0:00:00"]
[BlackClock "0:00:47"]
[Board "51"]

1. d4 Nf6 2. c4 g6 3. f3 Bg7 4. e4 O-O 5. Nc3 c6 6. Be3 d5 7. cxd5 cxd5 8. e5 Ne8 9. f4 h5 10. Be2 Bh6 11. Nf3 Ng7 12. Qb3 e6 13. Bd3 Nc6 14. O-O Bd7 15. Nb5 Na5 16. Qb4 Bxb5 17. Qxb5 a6 18. Qb4 Nc4 19. Bxc4 dxc4 20. Qxc4 Nf5 21. Bd2 Rc8 22. Qd3 Qd5 23. g3 Rfd8 24. Bc3 Bf8 25. Rad1 Qxa2 26. Ng5 Qc4 27. Qf3 Nxd4 28. Bxd4 Rxd4 29. Rxd4 Qxd4+ 30. Kh1 Qxb2 0-1


[Site "https://www.chess.com"]

[Event "Titled Tuesday Blitz October 31 Late 2023"]
[White "Ankerst, Mihael"]
[Black "Ardelean, George-Catalin"]
[WhiteFideId "14602369"]
[BlackFideId "1207091"]
[WhiteElo "2446"]
[BlackElo "2720"]
[Result "0-1"]
[Round "10"]
[TimeControl "180+1"]
[Date "2023.10.31"]
[WhiteClock "0:00:00"]
[BlackClock "0:00:15"]
[Board "52"]

1. e4 c5 2. Nf3 Nc6 3. d4 cxd4 4. Nxd4 Nf6 5. Nc3 d6 6. Bc4 Qb6 7. Nxc6 bxc6 8. O-O g6 9. e5 dxe5 10. Qe2 Qc7 11. f4 e4 12. Be3 Bg7 13. Bd4 O-O 14. Nxe4 Nxe4 15. Bxg7 Kxg7 16. Qxe4 Bf5 17. Qd4+ f6 18. Bb3 Rfd8 19. Qc5 Qb6 20. Qf2 Rd2 21. Qxb6 axb6 22. Rf2 Rad8 23. Re1 Kf8 24. Ree2 Rd1+ 25. Rf1 Bg4 26. Rf2 Rxf1+ 27. Rxf1 Be2 28. Re1 Rd2 29. Kf2 Bb5+ 30. Kg3 h5 31. h4 Ba6 32. Re3 c5 33. Rc3 Bb7 34. Bc4 Rxg2+ 35. Kh3 Rd2 36. a4 Be4 37. Bb3 Rd4 38. a5 bxa5 39. Rxc5 a4 40. Bc4 Bf5+ 41. Kg3 Bxc2 42. Be6 Bb3 43. Bxb3 axb3 44. Rc3 Rb4 45. Rf3 Kf7 46. Re3 e6 47. Rc3 e5 48. fxe5 fxe5 49. Rc6 Rg4+ 50. Kh3 Rd4 51. Rc3 Rb4 52. Rc6 e4 53. Kg3 e3 54. Rc3 Re4 0-1


[Site "https://www.chess.com"]

[Event "Titled Tuesday Blitz October 31 Late 2023"]
[White "Martinez Reyes, Pedro Ramon"]
[Black "Seletsky, Grigory"]
[WhiteFideId "3901807"]
[BlackFideId "14112191"]
[WhiteElo "2617"]
[BlackElo "2481"]
[Result "1-0"]
[Round "10"]
[TimeControl "180+1"]
[Date "2023.10.31"]
[WhiteClock "0:01:54"]
[BlackClock "0:00:00"]
[Board "53"]

1. d4 Nf6 2. c4 d6 3. Nc3 e5 4. Nf3 Nbd7 5. e4 Be7 6. Be2 O-O 7. O-O c6 8. Qc2 Qc7 9. Rb1 Re8 10. Rd1 Nf8 11. b4 a6 12. d5 Ng6 13. dxc6 bxc6 14. Be3 Ng4 15. Bd2 Qa7 16. c5 dxc5 17. h3 Nxf2 18. Kxf2 cxb4+ 19. Be3 Bc5 20. Nd5 Bxe3+ 21. Nxe3 a5 22. Rbc1 Be6 23. Bc4 Bxc4 24. Qxc4 Rac8 25. Qc5 Qa6 26. Rd7 Nf4 27. Nc4 f6 28. Rcd1 Ne6 29. Qa7 Qxc4 30. R1d6 Qc5+ 31. Kg3 Qxa7 32. Rxa7 Nc5 33. Nd2 Rcd8 34. Rxc6 Ne6 35. Nc4 Rd3+ 36. Kh2 Kf8 37. Rb6 Re7 38. Ra8+ Rd8 39. Rxa5 h5 40. Rxb4 Ng5 41. Ne3 Rd4 42. Rb8+ Kf7 43. Nf5 Rxe4 44. h4 Ne6 45. Nd6+ Kg6 46. Nxe4 Rc7 47. Rb6 Nf4 48. Nc5 Re7 49. Ra4 Nd5 50. Rd6 1-0


[Site "https://www.chess.com"]

[Event "Titled Tuesday Blitz October 31 Late 2023"]
[White "Karttunen, Mika"]
[Black "Musovic, Armin"]
[WhiteFideId "502081"]
[BlackFideId "939935"]
[WhiteElo "2583"]
[BlackElo "2469"]
[Result "0-1"]
[Round "10"]
[TimeControl "180+1"]
[Date "2023.10.31"]
[WhiteClock "0:00:00"]
[BlackClock "0:00:56"]
[Board "54"]

1. e4 c6 2. d4 d5 3. e5 c5 4. Nf3 Nc6 5. Bb5 Bg4 6. dxc5 Qa5+ 7. Nc3 e6 8. Bd2 Qc7 9. b4 Ne7 10. O-O a6 11. Ba4 Ng6 12. h3 Bxf3 13. Qxf3 Be7 14. Rae1 O-O 15. Bxc6 bxc6 16. Qe3 a5 17. a3 axb4 18. axb4 Ra3 19. Nxd5 Rxe3 20. Nxc7 Rxe5 21. c4 Rc8 22. Na6 Ra8 23. Ra1 Re2 24. Be3 Bf6 25. Ra4 Rb2 26. Rc1 h6 27. b5 cxb5 28. cxb5 Rxb5 29. c6 Be5 30. c7 Rc8 31. Rac4 Ne7 32. f4 Bd6 33. Bc5 Bxc5+ 34. Rxc5 Rb6 35. Nb8 Nd5 36. Nd7 Rb7 37. f5 Rbxc7 38. Rxc7 Rxc7 39. Rxc7 Nxc7 40. f6 Nd5 41. fxg7 Kxg7 42. Kf1 f6 43. Kf2 e5 44. Nc5 Kf7 45. g4 Nf4 46. h4 Ne6 47. Ne4 Ng7 48. Kg3 Ke6 49. h5 f5 50. gxf5+ Kxf5 51. Nd6+ Ke6 52. Ne4 Nxh5+ 53. Kh4 Nf6 54. Ng3 e4 55. Ne2 Kf5 56. Kg3 Kg5 57. Nd4 h5 58. Ne6+ Kf5 59. Ng7+ Ke5 60. Kf2 Kf4 61. Ne6+ Kg4 62. Nd4 h4 63. Ne2 Nd5 64. Nd4 h3 65. Kg1 e3 66. Kh2 Nf4 67. Kg1 Kg3 68. Nf5+ Kf3 69. Nd4+ Ke4 70. Nc2 e2 71. Kh2 Kf3 72. Kg1 Kg3 73. Ne1 h2+ 74. Kh1 Nh3 75. Nd3 Nf2+ 76. Nxf2 Kxf2 77. Kxh2 e1=Q 0-1


[Site "https://www.chess.com"]

[Event "Titled Tuesday Blitz October 31 Late 2023"]
[White "Bilan, Danila"]
[Black "balachess2006"]
[WhiteFideId "24161918"]
[WhiteElo "2467"]
[BlackElo "2573"]
[Result "0-1"]
[Round "10"]
[TimeControl "180+1"]
[Date "2023.10.31"]
[WhiteClock "0:00:00"]
[BlackClock "0:00:16"]
[Board "55"]

1. d4 Nf6 2. Nf3 c5 3. e3 d5 4. c3 cxd4 5. exd4 Nc6 6. Bf4 Bg4 7. Qb3 Na5 8. Bb5+ Bd7 9. Qa4 Nc6 10. Ne5 Nxe5 11. dxe5 Bxb5 12. Qxb5+ Qd7 13. Qe2 Ne4 14. f3 Nc5 15. Na3 e6 16. Nb5 a6 17. Nd4 Be7 18. O-O O-O 19. Rad1 Rfc8 20. Bc1 Qc7 21. f4 Nd7 22. Qg4 Bc5 23. Kh1 Bxd4 24. Rxd4 g6 25. Be3 Nc5 26. Bf2 Ne4 27. Bh4 h5 28. Qh3 Qb6 29. Rb4 Qc6 30. Rd4 a5 31. g4 Qb5 32. gxh5 Qxb2 33. hxg6 Rxc3 34. Qg4 Rc2 35. Bg3 Qxd4 36. gxf7+ Kxf7 37. Qh5+ Ke7 38. Qh7+ Kd8 39. Qg8+ Kc7 40. Qf7+ Kb6 0-1


[Site "https://www.chess.com"]

[Event "Titled Tuesday Blitz October 31 Late 2023"]
[White "Rakitic2010"]
[Black "Colbow, Collin"]
[BlackFideId "16201132"]
[WhiteElo "2463"]
[BlackElo "2572"]
[Result "1-0"]
[Round "10"]
[TimeControl "180+1"]
[Date "2023.10.31"]
[WhiteClock "0:00:47"]
[BlackClock "0:00:05"]
[Board "56"]

1. e4 g6 2. h4 Bg7 3. h5 a6 4. d4 d6 5. Nc3 b5 6. h6 Bf8 7. Nf3 Bb7 8. d5 c5 9. e5 b4 10. Nb5 dxe5 11. Nxe5 Nd7 12. Bf4 axb5 13. Bxb5 Nf6 14. Bg5 Bc8 15. Qe2 Nxd5 16. O-O-O Rxa2 17. Rxd5 Ra1+ 18. Kd2 Rxh1 19. Nxd7 Bxd7 20. Qd3 c4 21. Rxd7 cxd3 22. Rxe7# 1-0


[Site "https://www.chess.com"]

[Event "Titled Tuesday Blitz October 31 Late 2023"]
[White "Shapiro, Viktor"]
[Black "Belenkaya, Dina"]
[WhiteFideId "4175700"]
[BlackFideId "24142654"]
[WhiteElo "2560"]
[BlackElo "2453"]
[Result "1-0"]
[Round "10"]
[TimeControl "180+1"]
[Date "2023.10.31"]
[WhiteClock "0:00:33"]
[BlackClock "0:00:04"]
[Board "57"]

1. c4 e5 2. Nc3 Nc6 3. g3 Nf6 4. Bg2 Bc5 5. e3 a6 6. Nge2 d6 7. d4 exd4 8. exd4 Ba7 9. h3 O-O 10. O-O Re8 11. Be3 Bf5 12. g4 Bg6 13. Ng3 h6 14. Qd2 Qd7 15. Rac1 Re7 16. Rfe1 Rae8 17. b3 Nh7 18. Nce2 Nd8 19. Nf4 c6 20. Nxg6 fxg6 21. Qd3 Nf8 22. Re2 Nde6 23. Rce1 d5 24. cxd5 cxd5 25. b4 Kh8 26. Rc1 Bb8 27. Nf1 Nf4 28. Bxf4 Bxf4 29. Rxe7 Qxe7 30. Rc5 Bd6 31. Rxd5 Bxb4 32. Ne3 Bd6 33. a4 Qf6 34. Qb3 Qf4 35. Kf1 Kh7 36. h4 Ne6 37. h5 Nxd4 38. Qd3 Be5 39. Qxg6+ Kg8 40. Qxe8+ Qf8 41. Qxf8+ Kxf8 42. Rxe5 1-0


[Site "https://www.chess.com"]

[Event "Titled Tuesday Blitz October 31 Late 2023"]
[White "Hajiyev, Kanan"]
[Black "Makaraci, Tunahan"]
[WhiteFideId "13404148"]
[BlackFideId "6356559"]
[WhiteElo "2559"]
[BlackElo "2452"]
[Result "1-0"]
[Round "10"]
[TimeControl "180+1"]
[Date "2023.10.31"]
[WhiteClock "0:00:06"]
[BlackClock "0:00:32"]
[Board "58"]

1. d4 d5 2. c4 e6 3. cxd5 exd5 4. Nc3 c5 5. Nf3 Nc6 6. g3 Nf6 7. Bg2 cxd4 8. Nxd4 Bc5 9. Nb3 Bb6 10. O-O d4 11. Na4 O-O 12. Bg5 Re8 13. Nxb6 axb6 14. Re1 h6 15. Bxf6 Qxf6 16. Bxc6 bxc6 17. Qxd4 Qd8 18. a3 Be6 19. Qc3 c5 20. Rad1 Qe7 21. e4 Rad8 22. Nd2 Rd4 23. Nf3 Rxd1 24. Rxd1 Bg4 25. Re1 Qb7 26. Ne5 Bh3 27. f3 Qc7 28. Nc4 h5 29. Ne3 h4 30. Nd5 Qd6 31. Kf2 hxg3+ 32. hxg3 Be6 33. Rd1 Bxd5 34. Rxd5 Qh6 35. Kg2 Qc6 36. Qc4 Qf6 37. Qc2 g6 38. Qd2 Kg7 39. Rd7 b5 40. Qc3 Re5 41. Rd5 Rxd5 42. exd5 Qxc3 43. bxc3 Kf6 44. f4 Ke7 45. Kf3 Kd6 46. Ke4 f5+ 47. Kd3 Kxd5 48. c4+ bxc4+ 49. Kc3 Ke4 50. a4 Kf3 51. a5 Kxg3 52. a6 Kxf4 53. a7 Kg3 54. a8=Q f4 55. Qh1 g5 56. Qg1+ Kh4 57. Qh2+ Kg4 58. Qg2+ Kf5 59. Kxc4 g4 60. Qd5+ Kg6 61. Qe5 f3 62. Qf4 Kh5 63. Qg3 Kg5 64. Kxc5 Kf5 65. Kd4 1-0


[Site "https://www.chess.com"]

[Event "Titled Tuesday Blitz October 31 Late 2023"]
[White "Abduzhaparov"]
[Black "Sargsyan, Anna M."]
[BlackFideId "13308130"]
[WhiteElo "2448"]
[BlackElo "2543"]
[Result "1-0"]
[Round "10"]
[TimeControl "180+1"]
[Date "2023.10.31"]
[WhiteClock "0:01:00"]
[BlackClock "0:00:08"]
[Board "59"]

1. Nf3 d5 2. c4 d4 3. e3 Nc6 4. b4 dxe3 5. fxe3 Nxb4 6. d4 c5 7. a3 Na6 8. d5 e6 9. Nc3 exd5 10. cxd5 Nf6 11. e4 Nd7 12. e5 f6 13. e6 Nb6 14. Bb5+ Ke7 15. Bf4 Bxe6 16. dxe6 Qxd1+ 17. Rxd1 Kxe6 18. O-O Kf7 19. Bg3 Be7 20. Ng5+ Kg6 21. Bd3+ Kxg5 22. h4+ Kh6 23. Rde1 c4 24. Bf4+ g5 25. hxg5+ fxg5 26. Re6+ Kh5 27. Be2+ Kh4 28. Rh6# 1-0


[Site "https://www.chess.com"]